[Event "Live Chess"]
[Site "Chess.com"]
[Date "2023.05.20"]
[Round "-"]
[White "akp42"]
[Black "PureMellowPlan"]
[Result "1-0"]
[WhiteElo "1981"]
[BlackElo "597"]
[TimeControl "300"]
[EndTime "9:14:23 PDT"]
[Termination "akp42 won by checkmate"]

1. e4 e5 2. Nf3 Nc6 3. d4 exd4 4. Nxd4 Nxd4 5. Qxd4 Nf6 6. Bd3 d5 7. e5 Nd7 8. O-O f6 9. Qxd5 Nxe5 10. Re1 Qxd5 11.
Nc3 Qc6 12. f4 Bd6 13. fxe5 Bxe5 14. Bb5 Bd7 15. Bxc6 Bxc6 16. Bf4 O-O 17. Bxe5 fxe5 18. Rxe5 Rae8 19. Rae1 Rxe5 20. Rxe5 h6 21. Re7 Rf7 22. Rxf7 Kxf7 23. Kf2 Kf6 24. g3 Kf5 25. Ke3 g6 26. Ne2 g5 27. Nd4+ Ke5 28. Nxc6+ bxc6 29. h3 Kf5 30.
Kd4 g4 31. h4 h5 32. b4 c5+ 33. bxc5 Kg6 34. Ke5 a6 35. c6 a5 36. Ke6 a4 37. Kd7 Kf5 38. Kxc7 Ke4 39. Kb7 Kf3 40.
c7 Kxg3 41. c8=Q Kh2 42. Qh8 g3 43. Qxh5 g2 44. Qg4 g1=Q 45. Qxg1+ Kxg1 46. h5 Kg2 47. h6 Kf2 48. h7 Ke2 49. h8=Q Kd2 50. Qb2 Kd1 51.
c4 Ke1 52. c5 Kd1 53. c6 Ke1 54. c7 Kd1 55. c8=Q Ke1 56. Qcc1# 1-0

[Event "Live Chess"]
[Site "Chess.com"]
[Date "2023.05.20"]
[Round "-"]
[White "JackCheetham1"]
[Black "Crowded_House"]
[Result "1-0"]
[WhiteElo "1707"]
[BlackElo "1682"]
[TimeControl "300"]
[EndTime "9:14:27 PDT"]
[Termination "JackCheetham1 won by checkmate"]

1. e4 e6 2. d4 d5 3. Nd2 Bb4 4. c3 Ba5 5. Ngf3 Nf6 6. Bd3 dxe4 7. Nxe4 Nxe4 8. Bxe4 c6 9. O-O Nd7 10. h3 Nf6 11.
Bc2 h6 12. Bf4 Bc7 13. Qd2 Bxf4 14. Qxf4 O-O 15. Rfe1 Nd5 16. Qg3 Bd7 17. Ne5 Nf6 18. Rad1 Rc8 19. b3 Qc7 20. c4 Rfd8 21. Rd2 Be8 22. Red1 Nd7 23. f4 Nxe5 24. fxe5 f6 25. Qd3 f5 26. Qf3 Qf7 27. Bb1 Qh5 28. Qg3 Qg5 29.
Qxg5 hxg5 30. d5 cxd5 31. cxd5 exd5 32. Bxf5 Bd7 33. Rxd5 Rc7 34. e6 Kf8 35. exd7 Ke7 36. Bg4 b6 37. Re1+ Kf8 38. Rde5 Rcxd7 39. Bxd7 Rxd7 40. Re8+ Kf7 41. Ra8 g6 42. Rf1+ Kg7 43. Re8 Rc7 44. Rfe1 Kf7 45. Rh8 Kg7 46. Rhe8 Kf7 47.
R8e2 Kg7 48. Rf1 Rd7 49. Rfe1 Kf7 50. g4 Kf6 51. Rf2+ Kg7 52. Re5 Kh6 53. Rf8 Kg7 54. Rfe8 Rd1+ 55. Re1 Rd7 56. R8e7+ Rxe7 57. Rxe7+ Kf6 58.
Rxa7 Ke6 59. Rb7 Kd6 60. Rxb6+ Kc5 61. Rxg6 Kb4 62. Rxg5 Ka3 63. h4 Kb2 64. h5 Kc3 65. h6 Kb4 66. h7 Ka3 67. h8=Q Kb4 68. Qd4+ Ka3 69. Qa4+ Kb2 70. Rf5 Kc3 71. Qc4+ Kb2 72. Rf2+ Ka3 73. Qa4# 1-0

[Event "Live Chess"]
[Site "Chess.com"]
[Date "2023.05.20"]
[Round "-"]
[White "viktorskliarov"]
[Black "toog"]
[Result "1/2-1/2"]
[WhiteElo "2644"]
[BlackElo "2635"]
[TimeControl "300"]
[EndTime "9:14:28 PDT"]
[Termination "Game drawn by agreement"]

1. e4 c6 2. d4 d5 3. e5 Bf5 4. Nf3 e6 5. Be2 Nd7 6. O-O h6 7. a4 Ne7 8. a5 g5 9. Ne1 Bg7 10. Nd3 f6 11. Bh5+ Bg6 12. f4 O-O 13. Bxg6 Nxg6 14.
f5 exf5 15. e6 Nb8 16. Rxf5 Qe7 17. Nc5 Na6 18. Nxa6 bxa6 19. Qe2 Rfe8 20. Qxa6 Qxe6 21. Rf1 Qe4 22. Nc3 Qxd4+ 23. Kh1 Ne5 24. Ra4 Qc5 25. Qe2 Rab8 26. Be3 Qe7 27. Bd4 Rb4 28. b3 Rxa4 29.
Nxa4 Qc7 30. a6 Re7 31. Qf2 Ng4 32. Qg1 f5 33. Bxg7 Kxg7 34. h3 Ne3 35. Rf2 f4 36.
Qa1+ Qe5 37. Qxe5+ Rxe5 38. Nc5 d4 39. b4 h5 40. Rd2 Nf5 41. Kg1 Ng3 42. Kf2 Ne4+ 43. Nxe4 Rxe4 44. Kf3 Re3+ 45. Kf2 Rc3 46. Rxd4 Rxc2+ 47. Kf3 Kf6 48. Rd7 Rc3+ 49. Kf2 Rb3 50. Rd6+ Kf5 51.
Rxc6 Rxb4 52. Rc5+ Kf6 53. Rc6+ Kf5 54. Rc5+ Ke4 55.
Rxg5 Rb2+ 56. Kg1 Ra2 57. Rg6 h4 58. Rh6 Ke3 59. Re6+ Kd4 60. Kf1 Kd3 61. Rd6+ Kc4 62. Rf6 Kd3 63. Rxf4 Ke3 64. Rf3+ Ke4 65. Kg1 Rxa6 66.
Rf7 Ra4 67. Rh7 Ke3 68. g3 hxg3 69. Kg2 a5 70. Kxg3 Rb4 71. Ra7 a4 72. h4 Kd3 73. h5 Kc3 74. h6 Kb3 75. h7 Rb8 76.
Rb7+ Rxb7 77. h8=Q a3 78. Qg8+ 1/2-1/2

[Event "Live Chess"]
[Site "Chess.com"]
[Date "2023.05.20"]
[Round "-"]
[White "azimchess2019"]
[Black "CocheseUK"]
[Result "1-0"]
[WhiteElo "1329"]
[BlackElo "1210"]
[TimeControl "300"]
[EndTime "9:14:28 PDT"]
[Termination "azimchess2019 won on time"]

1. d4 d5 2. c4 dxc4 3. e4 e6 4.
Bxc4 Bb4+ 5. Nc3 Nc6 6. Be3 Nf6 7.
f3 O-O 8. Ne2 b6 9. O-O Bb7 10. a3 Be7 11. Qc2 Na5 12. Ba2 c5 13. Rad1 c4 14. Qa4 Rc8 15. d5 exd5 16. exd5 Bd6 17.
Nd4 Nxd5 18. Nxd5 Bxd5 19. Nb5 Qf6 20. Rxd5 Bf4 21. Bxf4 Qxf4 22. Nxa7 Rc5 23. Rxc5 Qe3+ 24. Kh1 Qxc5 25. Qb5 Qxb5 26. Nxb5 Rd8 27. Rb1 Rd2 28. h3 Nb3 29. Bxb3 cxb3 30. Nc3 f5 31. Na4 b5 32. Nc3 b4 33. axb4 Rd4 34. Ne2 Rxb4 35. Ng3 g6 36. Rc1 Kg7 37. Rc3 Kf6 38. Kg1 Ke5 39. Kf2 Kf4 40. Ne2+ Ke5 41. Ke3 g5 42. g3 f4+ 43. gxf4+ gxf4+ 44. Nxf4 Rxf4 45. Rc5+ 1-0

[Event "Live Chess"]
[Site "Chess.com"]
[Date "2023.05.20"]
[Round "-"]
[White "HoarseyHorsey"]
[Black "Delacorta"]
[Result "1/2-1/2"]
[WhiteElo "1383"]
[BlackElo "1419"]
[TimeControl "300"]
[EndTime "9:14:32 PDT"]
[Termination "Game drawn by repetition"]

1. d4 e6 2. c4 f5 3. Nc3 Nf6 4.
Bg5 c6 5. e4 fxe4 6. Nxe4 Be7 7.
Bd3 O-O 8. Nf3 d5 9. cxd5 exd5 10. Nxf6+ Bxf6 11. Bxf6 Qxf6 12. O-O Bg4 13. Be2 Nd7 14.
Qd3 Bxf3 15. Bxf3 Rae8 16. Rae1 Rxe1 17. Rxe1 Qf7 18. Re2 Nf6 19. Kf1 Re8 20. h3 Rxe2 21. Qxe2 Qe8 22. Qd3 b6 23. b4 Qe7 24. a3 g6 25. Qc2 Qd6 26. Qe2 Kf8 27. Bg4 Qb8 28. Qe6 Nxg4 29. hxg4 Qf4 30. g3 Qxd4 31. Qd6+ Ke8 32.
Qxc6+ Kf8 33. Qc8+ Kg7 34. Qd7+ Kh6 35. Qxa7 Qd1+ 36.
Kg2 Qxg4 37. Qxb6 Qe4+ 38. Kf1 Qb1+ 39. Kg2 Qe4+ 40. Kf1 Qb1+ 41. Kg2 Qe4+ 1/2-1/2

[Event "Live Chess"]
[Site "Chess.com"]
[Date "2023.05.20"]
[Round "-"]
[White "Duke_of_Bebington"]
[Black "Bunny55"]
[Result "1-0"]
[WhiteElo "1563"]
[BlackElo "963"]
[TimeControl "300"]
[EndTime "9:14:32 PDT"]
[Termination "Duke_of_Bebington won by resignation"]

1. e4 c5 2. c3 d5 3. exd5 Qxd5 4. d4 Nc6 5. dxc5 Qxd1+ 6. Kxd1 Nf6 7. Bd3 e5 8. b4 Be7 9. Na3 O-O 10. Nc4 e4 11.
Bc2 Rd8+ 12. Ke2 Bg4+ 13. f3 exf3+ 14. Nxf3 Ne5 15. Nxe5 1-0

[Event "Live Chess"]
[Site "Chess.com"]
[Date "2023.05.20"]
[Round "-"]
[White "EdenHazard8"]
[Black "suneebaker"]
[Result "0-1"]
[WhiteElo "2101"]
[BlackElo "2121"]
[TimeControl "300"]
[EndTime "9:14:37 PDT"]
[Termination "suneebaker won by resignation"]

1. e4 e5 2. Nf3 Nc6 3. Bb5 a6 4. Ba4 Nf6 5. O-O Be7 6. Re1 b5 7. Bb3 O-O 8. c3 d6 9. d3 Be6 10.
Nbd2 h6 11. Nf1 Bxb3 12. axb3 d5 13. exd5 Qxd5 14. Ne3 Qd7 15. Qc2 Rfd8 16. Nf1 Qxd3 17. Qxd3 Rxd3 18. Nxe5 Nxe5 19. Rxe5 Bd6 20. Re1 a5 21. Be3 a4 22. bxa4 bxa4 23. Ra2 a3 24. bxa3 Rxa3 25. Rxa3 Bxa3 26. Bd4 Nd5 27. Re8+ Kh7 28.
Rc8 Bd6 29. c4 Rxd4 30. cxd5 Rxd5 31. Ne3 Rd2 32. g3 Kg6 33. Kg2 Bc5 34. Nc4 Rxf2+ 35.
Kh3 Bd6 36. Rd8 Rf6 37. Ne3 Re6 38. Nd5 h5 39. Rc8 Kf5 40. Nxc7 Bxc7 41. Rxc7 Kg6 42.
Rc5 f6 43. Kg2 Re2+ 44. Kh3 Kh6 45. Rc6 Kg5 46. Rc4 Kf5 47. Rf4+ Ke5 48. Rh4 g6 49. Ra4 g5 50. g4 hxg4+ 51. Rxg4 Kf5 52. Ra4 Re4 53.
Ra1 Kg6 54. Ra6 Rb4 55. Kg3 Rc4 56. h3 Rc5 57. Rb6 Kf5 58. Kf3 Rc3+ 59. Kg2 Ke5 60. Rb5+ Kf4 61. Rb6 f5 62. Rb4+ Ke5 63. Rb5+ Ke6 64.
Rb6+ Ke5 65. Rb5+ Kf6 66. Rb6+ Kg7 67. Rb5 Kg6 68. Rb6+ Kh5 69. Rb5 Rc2+ 70. Kg3 f4+ 71. Kf3 Rh2 72. Ke4 Rxh3 73. Kf5 Rg3 74. Kf6 Kh4 75. Rf5 f3 76. Kg6 Kh3 77. Rf8 Kg2 78.
Ra8 f2 79. Ra2 Kg1 0-1

[Event "Live Chess"]
[Site "Chess.com"]
[Date "2023.05.20"]
[Round "-"]
[White "MMmaaxxxx"]
[Black "HonestJoe1"]
[Result "1-0"]
[WhiteElo "2014"]
[BlackElo "2117"]
[TimeControl "300"]
[EndTime "9:14:40 PDT"]
[Termination "MMmaaxxxx won by resignation"]

1. e4 c5 2. a3 g6 3. Nc3 Bg7 4.
Bc4 Nc6 5. d3 e6 6. Ba2 Nge7 7.
h4 h5 8. Bg5 Qb6 9. Nge2 Qxb2 10. Bd2 Nd4 11. Rb1 Qxc2 12. Nxd4 Qxd1+ 13. Nxd1 Bxd4 14. O-O O-O 15. Kh2 b6 16. a4 Ba6 17. Rb3 Nc6 18. Bb1 d5 19. exd5 exd5 20. Bh6 Rfe8 21. Ne3 c4 22. dxc4 dxc4 23. Ra3 Bb2 24. Ra2 c3 25. Rd1 Nb4 26. Rxb2 cxb2 27. Rd2 Rad8 28. Rxb2 Nd3 29. Rc2 Nc5 30. Ra2 Rd2 31. Rxd2 1-0

[Event "Live Chess"]
[Site "Chess.com"]
[Date "2023.05.20"]
[Round "-"]
[White "ChessTWSS"]
[Black "TobyQuaite"]
[Result "0-1"]
[WhiteElo "1530"]
[BlackElo "1712"]
[TimeControl "300"]
[EndTime "9:14:43 PDT"]
[Termination "TobyQuaite won by checkmate"]

1. d4 e6 2. Bf4 Nf6 3. Nf3 c5 4. e3 d5 5. c3 Qb6 6. Qb3 Qxb3 7. axb3 Nc6 8. Nbd2 Be7 9. h4 Nh5 10. g3 Nxf4 11.
exf4 cxd4 12. cxd4 Bb4 13. Ne5 Nxd4 14. O-O-O Bxd2+ 15. Kxd2 Nxb3+ 16. Kc3 Nc5 17. Kd4 Ne4 18. Ke3 f6 19. Nd3 Ke7 20. Bh3 Bd7 21. f5 exf5 22. f3 Nxg3 23. Rhg1 Nh5 24. Nf4 Nxf4 25. Kxf4 g6 26. Rxd5 Rac8 27. Re1+ Kd8 28. Bf1 Kc7 29. Re7 Rhd8 30. Bb5 Kb8 31. Rdxd7 Rxd7 32. Bxd7 Rc4+ 33. Kg3 Rc2 34. Re8+ Kc7 35. Rc8+ Kxd7 36. Rxc2 h6 37. b4 Kd6 38. Rc8 g5 39. Ra8 a6 40. Rg8 gxh4+ 41. Kxh4 Ke5 42. Rg7 Kf4 43. Rxb7 Kxf3 44. Rb6 f4 45.
Rxf6 Ke3 46. Kg4 h5+ 47. Kg5 f3 48. Kxh5 f2 49. Rxf2 Kxf2 50. Kg6 Ke3 51. Kf6 Kd4 52. Ke6 Kc4 53. Kd6 Kxb4 54. Kc6 a5 55. Kd5 a4 56. Kd4 a3 57. Kd3 Kb3 58. Kd2 Kb2 59. Kd1 a2 60. Kd2 a1=Q 61. Kd3 Qc1 62. Ke4 Qd2 63. Ke5 Qd3 64. Ke6 Qd4 65. Ke7 Qd5 66. Ke8 Qd6 67. Kf7 Kc3 68. Kg7 Qe6 69. Kh7 Qf6 70. Kg8 Qe7 71. Kh8 Kd4 72. Kg8 Ke5 73.
Kh8 Kf6 74. Kg8 Qg7# 0-1

[Event "Live Chess"]
[Site "Chess.com"]
[Date "2023.05.20"]
[Round "-"]
[White "LiamBellwood"]
[Black "SaraTang"]
[Result "1-0"]
[WhiteElo "2115"]
[BlackElo "170"]
[TimeControl "300"]
[EndTime "9:14:44 PDT"]
[Termination "LiamBellwood won by checkmate"]

1. d4 d5 2. Nc3 Nc6 3. Bf4 Nf6 4.
Nb5 Rb8 5. Nxc7+ Kd7 6. Nb5 Ke8 7. Bxb8 a6 8. Nc3 Nxb8 9. Nf3 Ng4 10. e4 dxe4 11. Nxe4 e6 12. Bd3 Nxf2 13. Nxf2 e5 14. Nxe5 Qxd4 15. Bb5+ axb5 16. Qxd4 b6 17. O-O-O Bc5 18.
Qd8# 1-0

[Event "Live Chess"]
[Site "Chess.com"]
[Date "2023.05.20"]
[Round "-"]
[White "TheSmoulderingMaster"]
[Black "seabuck"]
[Result "0-1"]
[WhiteElo "1797"]
[BlackElo "1830"]
[TimeControl "300"]
[EndTime "9:14:50 PDT"]
[Termination "seabuck won by resignation"]

1. e4 e6 2. d4 d5 3. Nc3 Nf6 4. Bg5 Be7 5. e5 Nfd7 6. Bxe7 Qxe7 7. f4 a6 8. Nf3 c5 9. dxc5 Nxc5 10. Bd3 Nc6 11.
O-O Bd7 12. Ne2 Nb4 13. Ned4 Nbxd3 14. cxd3 O-O 15. Ng5 h6 16. Nh3 Bb5 17. Rf3 Nxd3 18. Rxd3 Bxd3 19. Qxd3 Rac8 20. f5 exf5 21. Nxf5 Qxe5 22.
Rf1 Rc6 23. Nf4 Rd8 24. Nd4 Rf6 25. g3 g5 26. Nh5 Rxf1+ 27. Kxf1 Rc8 28. Nf3 Rc1+ 29.
Kg2 Qxb2+ 30. Kh3 Rc3 31. Nf6+ Kg7 32. Nh5+ Kf8 33. Qf5 Qb6 34. Ne5 Qe6 35. Nd7+ Ke7 36. Qxe6+ fxe6 37. Ne5 d4 38. Kg2 Rc2+ 39. Kf3 Rxh2 40.
Ke4 Rxh5 41. g4 Rh2 42. Kxd4 Rxa2 43. Nc4 b5 44. Nb6 0-1

[Event "Live Chess"]
[Site "Chess.com"]
[Date "2023.05.20"]
[Round "-"]
[White "GEMdzq"]
[Black "SupremeTactician"]
[Result "0-1"]
[WhiteElo "2346"]
[BlackElo "2403"]
[TimeControl "300"]
[EndTime "9:14:55 PDT"]
[Termination "SupremeTactician won by resignation"]

1. e4 e5 2. Nf3 Nc6 3. Bb5 a6 4. Ba4 Nf6 5. O-O Nxe4 6. Re1 Nc5 7. Bxc6 dxc6 8. Nxe5 Ne6 9. d4 Bd6 10. c3 O-O 11.
Nd2 f6 12. Nef3 Bd7 13. Ne4 Bf4 14. Qb3 Bxc1 15. Raxc1 Kh8 16. Nc5 Nxc5 17. dxc5 Bg4 18. Nd4 Qd5 19. f3 Bd7 20. Qxd5 cxd5 21. Re7 Rad8 22. Rce1 Kg8 23. Kf2 Rf7 24. R7e3 Kf8 25. h4 g6 26. g4 c6 27. Kg3 Re8 28. a4 Rfe7 29. Rxe7 Rxe7 30. Rxe7 Kxe7 31. a5 Kf7 32. Kf4 Ke7 33. g5 Kf7 34. Nc2 Ke7 35. Ne3 Kf7 36.
Nc2 Ke7 37. gxf6+ Kxf6 38. Ne3 h6 39. Kg3 Ke5 40. Nc2 Bf5 41. Nd4 Bd7 42. Nc2 Bf5 43. Nd4 Bc8 44. Nc2 d4 45. cxd4+ Kd5 46. h5 gxh5 47. Kf4 h4 48. Ke3 h3 49. Kf2 h5 50. Kg3 h4+ 51. Kh2 Bd7 52. b3 Bc8 53. Kg1 Be6 54. Kh2 Bd7 55. Kg1 Bc8 56. Kh2 Bf5 57.
Kg1 Bxc2 58. b4 Kxd4 59. Kh2 Bf5 0-1

[Event "Live Chess"]
[Site "Chess.com"]
[Date "2023.05.20"]
[Round "-"]
[White "AttackingSnowLeopard"]
[Black "flyingpuffins"]
[Result "0-1"]
[WhiteElo "1923"]
[BlackElo "1983"]
[TimeControl "300"]
[EndTime "9:15:03 PDT"]
[Termination "flyingpuffins won on time"]

1. d4 d5 2. c4 c6 3. Nf3 Nf6 4. e3 Bf5 5. Nc3 e6 6. Nh4 Bg6 7. Nxg6 hxg6 8. Bd2 Nbd7 9. Qc2 Be7 10. O-O-O Rc8 11. Kb1 O-O 12. f3 a6 13. cxd5 cxd5 14. Qb3 b5 15. a4 bxa4 16. Nxa4 Rb8 17. Qa2 Qc7 18. Rc1 Qa7 19. Bd3 Bb4 20. Bxb4 Rxb4 21. Rc6 Rfb8 22. Rhc1 Nb6 23. Nxb6 R4xb6 24. Rc8+ Kh7 25.
Rxb8 Qxb8 26. Bxa6 Qxh2 27. Bf1 Qb8 28. Rc2 Rb3 29.
Re2 Nh5 30. g4 Ng3 31. Rh2+ Kg8 32. Ba6 Rxe3 33. Rc2 Kh7 34. Rh2+ Kg8 35. Rc2 Qb6 36. Rc8+ Kh7 37. Rc1 Qxd4 38. Qa5 g5 39. Rc2 Kg6 40.
Bc8 Ne2 41. Bxe6 Nc3+ 42. Rxc3 Re1+ 43. Ka2 Qd1 44. Rc7 Qa1+ 45. Kb3 Qxa5 0-1

[Event "Live Chess"]
[Site "Chess.com"]
[Date "2023.05.20"]
[Round "-"]
[White "dhanushkasri"]
[Black "KuriyamaMiraiUA"]
[Result "0-1"]
[WhiteElo "512"]
[BlackElo "583"]
[TimeControl "300"]
[EndTime "9:15:04 PDT"]
[Termination "KuriyamaMiraiUA won by checkmate"]

1. e4 c6 2. Nc3 d5 3. exd5 cxd5 4. Nxd5 Qxd5 5. d3 Nf6 6. Bg5 Bg4 7. Qd2 e5 8. Bxf6 gxf6 9. f3 Bh5 10. O-O-O Qxa2 11. b3 Qa1# 0-1

[Event "Live Chess"]
[Site "Chess.com"]
[Date "2023.05.20"]
[Round "-"]
[White "RedRook90"]
[Black "jk0110"]
[Result "1-0"]
[WhiteElo "1977"]
[BlackElo "1066"]
[TimeControl "300"]
[EndTime "9:15:07 PDT"]
[Termination "RedRook90 won by checkmate"]

1. c4 e5 2. g3 Nf6 3. Bg2 d5 4. cxd5 Nxd5 5. Nc3 Be6 6. Nf3 Nc6 7. O-O Qd7 8. d3 Bh3 9. Bxh3 Qxh3 10. Nxd5 O-O-O 11. Nc3 h5 12. e4 h4 13. Nxh4 Rxh4 14. gxh4 Bc5 15.
Be3 Bxe3 16. fxe3 Qxe3+ 17. Rf2 Rh8 18. Qf3 Qd4 19. Qxf7 Rxh4 20. Qe6+ Kd8 21. Qd5+ Qxd5 22.
Nxd5 Nd4 23. Rf7 Rg4+ 24. Kf2 Ke8 25. Rxc7 Nc2 26. Rc1 Nd4 27. Rxb7 Rh4 28. Rc8# 1-0

[Event "Live Chess"]
[Site "Chess.com"]
[Date "2023.05.20"]
[Round "-"]
[White "guptarayan"]
[Black "KeithArkell"]
[Result "0-1"]
[WhiteElo "541"]
[BlackElo "2608"]
[TimeControl "300"]
[EndTime "9:15:08 PDT"]
[Termination "KeithArkell won by checkmate"]

1. e4 c6 2. d4 d5 3. e5 c5 4. c3 Nc6 5. f4 cxd4 6. cxd4 Bf5 7. g4 Be4 8. Nf3 h5 9. gxh5 Rxh5 10. Be2 Nh6 11. Nfd2 Bxh1 12. Bxh5 e6 13. Ke2 Qh4 14. Bf3 Nxd4+ 15. Ke3 Nhf5+ 16. Kd3 Bxf3 17. Nxf3 Qh3 18.
Kd2 Nxf3+ 19. Ke2 N3d4+ 20. Kf2 Qxh2+ 21. Ke1 Qg2 22. Nc3 Nf3+ 23. Qxf3 Qxf3 24. Nd1 Nd4 25. Nf2 Qe2# 0-1

[Event "Live Chess"]
[Site "Chess.com"]
[Date "2023.05.20"]
[Round "-"]
[White "YF22Raptor"]
[Black "Hussamalhaidar"]
[Result "1-0"]
[WhiteElo "1024"]
[BlackElo "995"]
[TimeControl "300"]
[EndTime "9:15:10 PDT"]
[Termination "YF22Raptor won on time"]

1. e4 Nc6 2. Nf3 e5 3. d4 exd4 4. Bc4 h6 5. Nxd4 Nf6 6. O-O Bc5 7. Nxc6 bxc6 8. Nc3 O-O 9. Re1 d6 10. h3 Bb6 11. Be3 Nxe4 12. Nxe4 Bb7 13. Bxb6 axb6 14. Nc3 d5 15. Bd3 c5 16. b3 d4 17. Nb5 c6 18. a4 cxb5 19. Bxb5 Ba6 20. Qd3 Bb7 21. Re2 f5 22. Rae1 Be4 23. Qc4+ Kh8 24. f3 Bd5 25.
Qd3 Ra7 26. Re5 Raf7 27. Re8 Qf6 28. Rxf8+ Rxf8 29. Re8 Rxe8 30. Bxe8 g6 31. Bb5 Bc6 32. Bxc6 Qxc6 33. Qd2 Kg7 34. Kf2 b5 35. axb5 Qxb5 36. f4 c4 37. Qxd4+ Kf7 38. Qxc4+ Qxc4 39. bxc4 Ke6 40.
c3 Kd6 41. Ke3 Kc5 42. g4 Kxc4 43. gxf5 gxf5 44. Kd2 Kd5 45. Kd3 Kc5 46. h4 h5 47.
c4 Kd6 48. Kd4 Kc6 49. c5 Kd7 50. Kd5 Kc7 51. c6 Kd8 52. Kd6 Kc8 53. c7 Kb7 54.
Kd7 Kb6 55. c8=Q Kb5 56. Ke7 Kb4 57. Qxf5 Kb3 58. Qxh5 Ka2 59. f5 Kb1 60. f6 Kb2 61.
f7 Kc2 62. f8=Q Kc3 63. Qff5 Kd4 64. Qf4+ Kd3 65. Qhf3+ Kc2 66. Qh2+ 1-0

[Event "Live Chess"]
[Site "Chess.com"]
[Date "2023.05.20"]
[Round "-"]
[White "lateforthesky"]
[Black "Tushinskiy"]
[Result "1-0"]
[WhiteElo "2137"]
[BlackElo "2102"]
[TimeControl "300"]
[EndTime "9:15:11 PDT"]
[Termination "lateforthesky won on time"]

1. e4 e5 2. Nf3 d6 3. Nc3 Bg4 4. h3 Bh5 5. g4 Bg6 6. d4 Nd7 7. Bc4 Ngf6 8. Qe2 c6 9. a4 Qc7 10. Bg5 Be7 11. O-O-O a6 12. h4 h6 13. h5 Bh7 14. Bxf6 Bxf6 15. Kb1 b5 16. Bb3 bxa4 17. Nxa4 O-O 18. g5 hxg5 19. h6 g6 20. Nh2 Rab8 21. Ng4 Be7 22. Qe3 Kh8 23. Rd2 exd4 24. Qxd4+ Ne5 25.
Rhd1 f5 26. Nxe5 dxe5 27. Qd7 Qxd7 28. Rxd7 Bf6 29. R1d6 g4 30. Nc5 Bh4 31. Nxa6 Rbc8 32. Rb7 Rcd8 33. Rxc6 Bg8 34. Bxg8 Kxg8 35. Rcc7 Bf6 36.
Nc5 Ra8 37. Ne6 Rfc8 38. exf5 gxf5 39. Rg7+ Bxg7 40. Rxg7+ Kh8 41. Ng5 Rf8 42. Nf7+ Rxf7 43. Rxf7 f4 44. Rg7 Rg8 45. Rf7 g3 46. fxg3 fxg3 47.
Rf1 g2 48. Rg1 Kh7 49. b4 Kxh6 50. Kb2 Kh5 51. Kb3 Kh4 52. c4 Kg3 53. b5 1-0

[Event "Live Chess"]
[Site "Chess.com"]
[Date "2023.05.20"]
[Round "-"]
[White "MJMykh"]
[Black "MaximKris"]
[Result "0-1"]
[WhiteElo "951"]
[BlackElo "1794"]
[TimeControl "300"]
[EndTime "9:15:16 PDT"]
[Termination "MaximKris won by checkmate"]

1. e4 e5 2. Nf3 Nc6 3. Nc3 Nf6 4.
Bc4 Bc5 5. Ng5 O-O 6. Nxf7 Rxf7 7. Bxf7+ Kxf7 8. O-O d6 9. h3 Be6 10. d3 h6 11. Na4 Qd7 12. Nxc5 dxc5 13. a3 Bxh3 14. gxh3 Qxh3 15. Be3 Ng4 16. Qxg4 Qxg4+ 17. Kh2 Rh8 18. Bxc5 Qh4+ 19. Kg2 g5 20. b4 Qg4+ 21. Kh2 h5 22. b5 Qf4+ 23. Kg2 h4 24. bxc6 h3+ 25. Kh1 Qf3+ 26.
Kh2 Qg2# 0-1

[Event "Live Chess"]
[Site "Chess.com"]
[Date "2023.05.20"]
[Round "-"]
[White "LaupMiths"]
[Black "MartinWalker4"]
[Result "0-1"]
[WhiteElo "1805"]
[BlackElo "2137"]
[TimeControl "300"]
[EndTime "9:15:23 PDT"]
[Termination "MartinWalker4 won by resignation"]

1. d4 Nf6 2. Nf3 g6 3. g3 Bg7 4.
Bg2 O-O 5. O-O d6 6. b3 c5 7. Bb2 Nfd7 8. e3 Nc6 9. c4 cxd4 10.
exd4 Qc7 11. Na3 a6 12. Rc1 e5 13. dxe5 Ndxe5 14. h3 Bf5 15. Nxe5 Nxe5 16. Qd2 Rad8 17. Nb1 Bxh3 18. Bxe5 dxe5 19. Qe3 Bxg2 20. Kxg2 Qc6+ 21.
Kh2 e4 22. Nd2 Rd3 23. Qe2 f5 24. b4 Bh6 25. Rc2 Rfd8 26. Nb3 b6 27. b5 axb5 28. cxb5 Qxb5 29. Rc7 Qe5 30. Qc2 f4 31. Rg1 fxg3+ 32. fxg3 Rd2+ 33. Nxd2 Rxd2+ 0-1

[Event "Live Chess"]
[Site "Chess.com"]
[Date "2023.05.20"]
[Round "-"]
[White "JanMur7"]
[Black "NatashaRegan"]
[Result "1-0"]
[WhiteElo "1963"]
[BlackElo "1838"]
[TimeControl "300"]
[EndTime "9:15:23 PDT"]
[Termination "JanMur7 won by resignation"]

1. e4 Nf6 2. Nc3 d5 3. e5 Ne4 4. Nxe4 dxe4 5. d4 exd3 6. Bxd3 Nc6 7. Nf3 Bg4 8. O-O Nxe5 9. Bb5+ c6 10. Qxd8+ Rxd8 11. Nxe5 Bf5 12. Bd3 Bxd3 13. Nxd3 e6 14. Be3 b6 15. Rad1 c5 16. Ne5 Bd6 17. Nc6 Rd7 18.
Nxa7 Bxh2+ 19. Kxh2 Rxa7 20. a3 Ke7 21. Bf4 f6 22. Rd2 e5 23. Be3 Ke6 24. Rfd1 Kf5 25. Rd7 Ra4 26. Rxg7 Rh4+ 27. Kg3 Rh5 28. Kf3 Rb8 29. g4+ 1-0

[Event "Live Chess"]
[Site "Chess.com"]
[Date "2023.05.20"]
[Round "-"]
[White "Kr1xot4_XGOD"]
[Black "Prijmak"]
[Result "1-0"]
[WhiteElo "2127"]
[BlackElo "1018"]
[TimeControl "300"]
[EndTime "9:15:25 PDT"]
[Termination "Kr1xot4_XGOD won by checkmate"]

1. e4 e5 2. Nf3 Nc6 3. d4 exd4 4. Nxd4 Nxd4 5. Qxd4 d6 6. Nc3 Nf6 7. f3 Be7 8. Bf4 b6 9. O-O-O Bb7 10. e5 Nh5 11. Bb5+ c6 12. exd6 Bf6 13. d7+ Kf8 14. Be5 cxb5 15.
Nxb5 a6 16. Nc7 Rc8 17. dxc8=Q Qxc8 18. Bxf6 Nxf6 19. Rhe1 Qxc7 20. Qd8+ Qxd8 21. Rxd8+ Ne8 22. Rdxe8# 1-0

[Event "Live Chess"]
[Site "Chess.com"]
[Date "2023.05.20"]
[Round "-"]
[White "xx_blindpuffin_xx"]
[Black "Bob2pen"]
[Result "1-0"]
[WhiteElo "2203"]
[BlackElo "1588"]
[TimeControl "300"]
[EndTime "9:15:29 PDT"]
[Termination "xx_blindpuffin_xx won by resignation"]

1. d4 Nf6 2. Bf4 d6 3. e3 g6 4. Nf3 Bg7 5. h3 O-O 6. Be2 Nbd7 7.
O-O c5 8. c3 a6 9. a4 Rb8 10.
a5 b5 11. axb6 Rxb6 12. Qc2 Bb7 13. Nbd2 Qc8 14. Nc4 Be4 15. Nxb6 Bxc2 16. Nxc8 Rxc8 17. Rfc1 Be4 18. Bxa6 Rb8 19. Bc4 Rxb2 20. Ra7 Nb6 21. Bf1 Nfd5 22. Bg3 Bf6 23. c4 Nb4 24. dxc5 dxc5 25.
Rc7 Nd3 26. Rd1 Nb4 27. Rxc5 Rc2 28. Rb5 1-0

[Event "Live Chess"]
[Site "Chess.com"]
[Date "2023.05.20"]
[Round "-"]
[White "risinghelios"]
[Black "McSlash1"]
[Result "1-0"]
[WhiteElo "1954"]
[BlackElo "2068"]
[TimeControl "300"]
[EndTime "9:15:40 PDT"]
[Termination "risinghelios won by resignation"]

1. e4 c5 2. c3 d5 3. exd5 Qxd5 4. d4 cxd4 5. cxd4 Nf6 6. Nf3 Bf5 7. Nc3 Qd8 8. Be2 e6 9. O-O Be7 10. Ne5 O-O 11. Bf3 Qc7 12. Bf4 Bd6 13. Nb5 Qb6 14. Nxd6 Qxd6 15. Bxb7 Nd5 16. Bg3 Nd7 17. Bxa8 Rxa8 18.
Nxd7 Qxd7 19. Qb3 Rc8 20. Rac1 a5 21. Qa4 Qd8 22. Qxa5 Qe8 23. Qb5 Qf8 24. Bd6 Qd8 25. Qa5 Qd7 26. Rxc8+ Qxc8 27. Qc5 Qa6 28. Rc1 Nb6 29.
Qxb6 1-0

[Event "Live Chess"]
[Site "Chess.com"]
[Date "2023.05.20"]
[Round "-"]
[White "akp42"]
[Black "Nico14021974"]
[Result "1-0"]
[WhiteElo "1981"]
[BlackElo "993"]
[TimeControl "300"]
[EndTime "9:15:48 PDT"]
[Termination "akp42 won by checkmate"]

1. e4 e5 2. Nf3 f6 3. Bc4 b5 4. Bxb5 c6 5. Bc4 Ne7 6. O-O Na6 7. d4 exd4 8. Qxd4 Rg8 9. Bxg8 Nxg8 10. e5 fxe5 11.
Nxe5 Ne7 12. Qf4 Rb8 13. Qf7# 1-0

[Event "Live Chess"]
[Site "Chess.com"]
[Date "2023.05.20"]
[Round "-"]
[White "OSmith06"]
[Black "ethanredball"]
[Result "1-0"]
[WhiteElo "1733"]
[BlackElo "548"]
[TimeControl "300"]
[EndTime "9:15:53 PDT"]
[Termination "OSmith06 won by checkmate"]

1. e4 e5 2. Nf3 Nc6 3. d4 exd4 4. Nxd4 Nxd4 5. Qxd4 Nf6 6. e5 Ng8 7. Nc3 f6 8. exf6 Nxf6 9. Bg5 Be7 10. O-O-O O-O 11. Bc4+ Kh8 12. h4 c5 13. Qd3 Rb8 14. h5 Qa5 15. h6 g6 16. Rhe1 Re8 17. Bxf6+ Bxf6 18. Rxe8# 1-0

[Event "Live Chess"]
[Site "Chess.com"]
[Date "2023.05.20"]
[Round "-"]
[White "wadsy27"]
[Black "ossie57"]
[Result "1-0"]
[WhiteElo "2584"]
[BlackElo "1874"]
[TimeControl "300"]
[EndTime "9:15:56 PDT"]
[Termination "wadsy27 won by checkmate"]

1. c4 c5 2. g3 Nc6 3. Bg2 g6 4. Nc3 Bg7 5. a3 e5 6. b4 cxb4 7. axb4 Nge7 8. b5 Nd4 9. Ba3 O-O 10. Nf3 Nxf3+ 11. Bxf3 f5 12. Nd5 Bf6 13. d3 d6 14.
Nxf6+ Rxf6 15. h4 Rb8 16. Qd2 d5 17. Bxe7 Qxe7 18. Bxd5+ Kg7 19. h5 f4 20. hxg6 hxg6 21. Rxa7 Qc5 22. Ra1 fxg3 23. Qh6# 1-0